 Dungeon Crawl Stone Soup version 0.27-a0-732-ga892ba84f6 (webtiles) character file.

Game seed: 13401225040192398202

3 mandarbmax the Ducker (level 1, -1/17 HPs)
             Began as a Djinni Wanderer on Mar 23, 2021.
             Killed by Freeze
             ... invoked by an ooze
              (7 damage)
             ... on level 1 of the Dungeon.
             The game lasted 00:00:56 (118 turns).

mandarbmax the Ducker (Djinni Wanderer)              Turns: 118, Time: 00:00:56

Health: -1/17      AC:  5    Str:  8    XL:     1   Next: 50%
Magic:  0/0        EV: 13    Int: 13    God:
Gold:   0          SH:  0    Dex: 15    Spells: 0/0 levels left

rFire    + + .     SeeInvis .   a - +0 dagger
rCold    x . .     Faith    .   (no shield)
rNeg     . . .     Spirit   .   g - +2 leather armour {rPois}
rPois    ∞         Reflect  .   (no helmet)
rElec    .         Harm     .   (no cloak)
rCorr    .         Rampage  .   (no gloves)
Will     .....                  (boots unavailable)
Stlth    +.........             (no amulet)
HPRegen  0.05/turn              (no ring)
MPRegen  0.00/turn              (no ring)

@: flying
A: fire resistance 2, cold vulnerability 1, float, innate caster, hp casting,
extra vitality 1
a: no special abilities


You were on level 1 of the Dungeon.
You visited 1 branch of the dungeon, and saw 1 of its levels.

Inventory:

Hand Weapons
 a - a +0 dagger (weapon)
Armour
 g - a +2 leather armour of poison resistance (worn)
Scrolls
 b - a scroll of teleportation
 d - a scroll of vulnerability {unknown}
 f - a scroll of magic mapping {unknown}
Potions
 c - a potion of lignification
Miscellaneous
 e - a condenser vane (quivered)


   Skills:
 - Level 1.0 Fighting
 - Level 1.0 Long Blades
 + Level 5.6 Dodging
 - Level 1.0 Stealth
 - Level 1.0 Shields
 - Level 1.0 Evocations


You couldn't memorise any spells.
You didn't know any spells.
Your spell library was empty.

Dungeon Overview and Level Annotations

Branches:
Dungeon (1/15)

Altars:

Shops:
D:1 =


Innate Abilities, Weirdness & Mutations

You are immune to poison.
Your flesh is very heat resistant. (rF++)
You are vulnerable to cold. (rC-)
You float through the air rather than walking.
You learn spells naturally, not from books.
Your magical power is your life essence.
You have superior vitality. (+4 HP)


Message History

The goblin is severely wounded.
The goblin hits you with a +0 club.
You barely miss the goblin.
The goblin is severely wounded.
The goblin hits you but does no damage.
You hit the goblin.
You kill the goblin!
The bat hits you but does no damage.
Unknown command.
You hit the bat.
The bat is moderately wounded.
The bat closely misses you. x2
You hit the rat.
You kill the rat!
A bat comes into view.
The bat barely misses you.
An ooze comes into view.
The bat hits you but does no damage.
The ooze jiggles.
You see here a +0 club.
You barely miss the bat. The bat barely misses you.
Unknown command.
You hit the bat.
The bat is moderately wounded.
The bat barely misses you. The bat hits you but does no damage.
The bat hits you.
You are too injured to fight recklessly!
You barely miss the bat. The bat closely misses you.
The bat hits you but does no damage. x2
You hit the bat but do no damage.
The bat is moderately wounded.
The bat hits you but does no damage. The bat hits you.
The bat hits you but does no damage. The ooze misses you. The bat hits you.
The bat completely misses you. The ooze closely misses you.
You see here a +0 club.
You barely miss the bat. The bat misses you. The bat barely misses you.
The bat hits you but does no damage. The ooze freezes you.
You are frozen.
You die...

####### #.....#
#.###.# #b..#.#
#.#####@#.#####
#.....J.#.....#
#.#####b#..#..#
..#...[.#
#.###..##.#
#..(...##.#
######.....#
........####
#####
..#####.####
#....


You could see an ooze and 2 bats.

Vanquished Creatures
  2 goblins (D:1)
  A rat (D:1)
3 creatures vanquished.

Notes
Turn   | Place    | Note
-------+----------+-------------------------------------------
     0 | D:1      | mandarbmax the Djinni Wanderer began the quest for the Orb.
     0 | D:1      | Reached XP level 1. HP: 17/17 MP: 0/0
    34 | D:1      | Found Menesui's Jewellery Shop.
   118 | D:1      | Killed from afar by an ooze

Illustrated notes

Levels and vault maps discovered:
D:1:      lightli_arrival_boilingwater, layout_basic, serial_shops,
          nicolae_shop_trees, minmay_misc_feat_ornament

Action                   || total
-------------------------++-------
Melee: Dagger            ||    26
Armor: Leather armour    ||    10
       Robe              ||     2
Dodge: Dodged            ||    21

Table legend: (Time is in decaauts)
 A = Elapsed time spent in this place.
 B = Non-inter-level travel time spent in this place.
 C = Inter-level travel time spent in this place.
 D = Time resting spent in this place.
 E = Time spent auto-exploring this place.
 F = Levels seen in this place.
 G = Mean time per level.
                   A        B        C        D        E       F      G
               +--------+--------+--------+--------+--------+-----+--------+
         Total |    117 |    117 |      0 |      0 |     67 |   1 |  117.0 |
       Dungeon |    117 |    117 |      0 |      0 |     67 |   1 |  117.0 |
               +--------+--------+--------+--------+--------+-----+--------+

Top non-repeatable levels by time:
     D:1: 117 daAuts
